 Dungeon Crawl Stone Soup version 0.21-a0-278-ga722497 (webtiles) character file.

82 motkurip the Chopper (level 4, -1/27 HPs)
             Began as a Gargoyle Gladiator on Sept 21, 2017.
             Slain by BattleRest's ghost (6 damage)
             ... on level 3 of the Dungeon.
             The game lasted 00:05:13 (923 turns).

motkurip the Chopper (Gargoyle Gladiator)            Turns: 923, Time: 00:05:14

Health: -1/27      AC: 14    Str: 18    XL:     4   Next: 43%
Magic:  4/4        EV: 13    Int: 13    God:
Gold:   80         SH:  0    Dex: 17    Spells: 3/3 levels left

rFire    + . .     SeeInvis .   a - +0 war axe
rCold    + . .     Gourm    .   (no shield)
rNeg     + . .     Faith    .   o - +0 chain mail
rPois    ∞         Spirit   .   c - +0 helmet
rElec    +         Reflect  .   (no cloak)
rCorr    +         Harm     .   (no gloves)
MR       .....                  i - +0 pair of boots
Stlth    ..........             (no amulet)
HPRegen  0.09/turn              (no ring)
MPRegen  0.09/turn              (no ring)

@: brilliant, agile, resistant
A: negative energy resistance 1, electricity resistance, unbreathing,
petrification resistance, rot immunity, AC +3
a: no special abilities


You were on level 3 of the Dungeon.
You were hungry.

You visited 1 branch of the dungeon, and saw 4 of its levels.

You collected 80 gold pieces.

Inventory:

Hand Weapons
 a - a +0 war axe (weapon)
Missiles
 d - 3 throwing nets (quivered)
Armour
 b - a +0 leather armour
 c - a +0 helmet (worn)
 i - a +0 pair of boots (worn)
 m - a +0 ring mail
 o - a +0 chain mail (worn)
Scrolls
 e - 2 scrolls of fog {unknown}
 h - a scroll of blinking {unknown}
 k - a scroll of enchant weapon {unknown}
 n - 2 scrolls of identify {unknown}
Potions
 g - 3 potions of brilliance
 j - a potion of resistance
 l - a potion of agility
Comestibles
 f - 4 bread rations
 p - 2 chunks of flesh


   Skills:
 + Level 2.7 Fighting
 * Level 3.7 Axes
 - Level 2.0 Throwing
 + Level 1.9 Armour
 - Level 2.5 Dodging


You had 3 spell levels left.
You didn't know any spells.

Dungeon Overview and Level Annotations

Branches:
Dungeon (4/15)
 Temple: D:4-7

Altars:
Fedhas
Trog

Annotations:
D:3 BattleRest's ghost, amateur MiFi


Innate Abilities, Weirdness & Mutations

You are resistant to torment.
Your stone body is resilient. (AC +3)
You are immune to poison.
You resist negative energy. (rN+)
You are resistant to electric shocks. (rElec)
You can survive without breathing.
You are immune to petrification.
You are immune to rotting.


Message History

You kill the jackal!
BattleRest's ghost hits you.
You hit BattleRest's ghost.
BattleRest's ghost is lightly damaged.
BattleRest's ghost misses you.
You hit BattleRest's ghost.
BattleRest's ghost is moderately damaged.
BattleRest's ghost says, "You can hit me, but you can't hurt me."
BattleRest's ghost barely misses you. BattleRest's ghost hits you!
* * * LOW HITPOINT WARNING * * *
You hit BattleRest's ghost.
BattleRest's ghost is moderately damaged.
BattleRest's ghost misses you.
You hit BattleRest's ghost.
BattleRest's ghost is moderately damaged.
BattleRest's ghost hits you but does no damage.
You hit BattleRest's ghost.
BattleRest's ghost is heavily damaged.
BattleRest's ghost barely misses you. BattleRest's ghost hits you.
You die...

##############
##..####.##.....†.
#................ ###
#........###..... .[..
###................ .....
##......##..........
......####..##...##.####...#.
...........###......# #...#.
...........###.###..# ......
......####.W@....#..# .......
...... #####.#.# .# .......
..... #.# # . ..... ...# ##.


You could see BattleRest's ghost.

Vanquished Creatures
  3 adders
  A shadow imp (D:2)
  A dart slug (D:1)
  A leopard gecko (D:2)
  5 orcs
  2 giant cockroaches (D:2)
  3 hobgoblins
  2 jackals (D:3)
  A quokka (D:3)
  2 ball pythons
  A bat (D:3)
  5 frilled lizards
  5 goblins
  5 kobolds
  5 rats
42 creatures vanquished.

Notes
Turn   | Place    | Note
-------+----------+-------------------------------------------
     0 | D:1      | motkurip the Gargoyle Gladiator began the quest for the Orb.
     0 | D:1      | Reached XP level 1. HP: 12/12 MP: 1/1
    96 | D:1      | Reached XP level 2. HP: 18/18 MP: 2/2
   218 | D:1      | Reached skill level 3 in Axes
   320 | D:2      | Found a blossoming altar of Fedhas.
   430 | D:2      | Reached skill level 1 in Armour
   435 | D:2      | Reached XP level 3. HP: 12/22 MP: 3/3
   617 | D:2      | Found a bloodstained altar of Trog.
   735 | D:3      | Reached XP level 4. HP: 27/27 MP: 4/4
   888 | D:3      | Noticed BattleRest's ghost (amateur MiFi)
   923 | D:3      | Slain by BattleRest's ghost

Vault maps used:
D:1:      dpeg_arrival_houses_and_road, serial_forest,
          infiniplex_forest_clump_curved, infiniplex_forest_end_2,
          infiniplex_forest_clump_cross, infiniplex_forest_straight_2,
          infiniplex_forest_clump_C, infiniplex_forest_zigzag_2,
          infiniplex_forest_lined_2, infiniplex_forest_lined_3_way
D:2:      lemuel_coloured_pillars_altar, fedhas_altar_3
D:3:      first_bread, minmay_misc_feat_doors
D:4:      kennysheep_little_box, serial_shops, shop,
          nicolae_qazlal_eye_of_the_storm, uniq_pikel

Skill      XL: |  1  2 |
---------------+-------+-----
Axes           | 3 |  3.7
Throwing       | 2 |  2.0
Armour         | 1 |  1.9
Fighting       | |  2.7
Dodging        | |  2.5

Action                   |  1- 3 |  4- 6 || total
-------------------------+-------+-------++-------
Melee: War axe           |   122 |    39 ||   161
  Use: Potion            |       |     3 ||     3
Armor: Leather armour    |    50 |       ||    50
       Ring mail         |    13 |       ||    13
       Chain mail        |       |    52 ||    52
Dodge: Dodged            |    94 |    30 ||   124

Table legend:
 A = Spawn XP
 B = Non-spawn XP
 C = Spawn XP percentage of total XP
 D = Spawn monster count
 E = Non-spawn monster count
 F = Spawn count percentage of total count
 G = Total turns spent on level
                    A         B        C        D         E        F      G
               +---------+---------+-------+---------+---------+-------+---------
         Total |       0 |     118 |   0.0 |       0 |      42 |   0.0 |   923
               +---------+---------+-------+---------+---------+-------+---------
           D:1 |       0 |      20 |   0.0 |       0 |      12 |   0.0 |   309
           D:2 |       0 |      46 |   0.0 |       0 |      16 |   0.0 |   369
           D:3 |       0 |      49 |   0.0 |       0 |      13 |   0.0 |   237
           D:4 |       0 |       3 |   0.0 |       0 |       1 |   0.0 |     8
               +---------+---------+-------+---------+---------+-------+---------
